 Dungeon Crawl Stone Soup version 0.20-a0-941-gba1b1f9 (webtiles) character file.

4 Krakonus1 the Grave Robber (level 1, -4/15 HPs)
             Began as a Deep Dwarf Necromancer on Mar 31, 2017.
             Slain by an ice beast (13 damage)
             ... on level 5 of the Dungeon.
             The game lasted 00:03:32 (334 turns).

Krakonus1 the Grave Robber (Deep Dwarf Necromancer)  Turns: 334, Time: 00:03:33

Health: -4/15      AC:  4    Str: 11    XL:     1   Next: 58%
Magic:  3/3        EV: 12    Int: 15    God:
Gold:   32         SH:  0    Dex: 13    Spells: 2/3 levels left

rFire    . . .     SeeInvis .   e - -3 club (curse)
rCold    . . .     Gourm    .   (no shield)
rNeg     . . .     Faith    .   a - +0 robe
rPois    .         Spirit   .   g - +1 helmet
rElec    .         Reflect  .   (no cloak)
rCorr    .         Harm     .   (no gloves)
MR       .....                  (no boots)
Stlth    ++........             (no amulet)
Regen    0.0/turn               (no ring)
MPRegen  0.1/turn               (no ring)

@: non-regenerating
A: damage resistance, heal wounds, sense surroundings 1, no regeneration
a: Heal Wounds


You were on level 5 of the Dungeon.
You were not hungry.

You visited 1 branch of the dungeon, and saw 5 of its levels.

You collected 32 gold pieces.

Inventory:

Hand Weapons
 d - a +0 hunting sling
 e - a cursed -3 club (weapon)
Missiles
 i - 16 stones (quivered)
 k - a throwing net
 m - 18 sling bullets
Armour
 a - a +0 robe (worn)
 g - a +1 helmet (worn)
Scrolls
 l - a scroll of recharging {unknown}
Potions
 h - a potion of curing {unknown}
 j - a potion of lignification {unknown}
 n - a potion of might {unknown}
Books
 b - a book of Necromancy

   Spells                             Type                      Level
   a - Pain                           Necromancy                   1
   b - Animate Skeleton               Necromancy                   1
   c - Vampiric Draining              Necromancy                   3
   d - Regeneration                   Charms/Necromancy            3
   e - Animate Dead                   Necromancy                   4
   f - Control Undead                 Necromancy                   4
Comestibles
 c - a bread ration
 f - 5 chunks of flesh
 o - a meat ration


   Skills:
 + Level 2.1 Dodging
 + Level 2.5 Stealth
 + Level 1.8 Spellcasting
 + Level 4.6 Necromancy


You had 2 spell levels left.
You knew the following spells:

 Your Spells              Type           Power        Failure   Level  Hunger
a - Pain                  Necr           ###.         3%          1    ##.....


Dungeon Overview and Level Annotations

Branches:
Dungeon (5/15)
 Temple: D:4-7

Altars:


Innate Abilities, Weirdness & Mutations

You are resistant to damage.
You can heal yourself by infusing magical energy.
You passively map a small area around you.
You do not regenerate.


Message History

The ice beast is lightly wounded.
The ice beast closely misses you.
You hit the ice beast but do no damage.
The ice beast is lightly wounded.
The ice beast hits you. The ice beast freezes you.
You hit the ice beast.
The ice beast is lightly wounded.
The ice beast barely misses you. The ice beast closely misses you.
You hit the ice beast but do no damage.
The ice beast is lightly wounded.
The ice beast misses you.
You barely miss the ice beast.
The ice beast is lightly wounded.
The ice beast hits you but does no damage.
You barely miss the ice beast.
The ice beast is lightly wounded.
The ice beast barely misses you. The ice beast hits you.
The ice beast freezes you!
Ouch! That really hurt!
You die...

*#.#.#.# ,,,,
#.#.#.# , *
#.#.#.# * *
#.#.#.# , * *
#.#.#.# ,
,#.#.#.#######**
*#.#.......... ,
, #.#.#########
* , *
#@#......... , *
#Y########.. ...
, , #...., , *
#...## * , , , *
##.## , , #.# *
..., , , ,


You could see an ice beast.

Vanquished Creatures
  2 goblins (D:1)
  A hobgoblin (D:1)
  A kobold (D:1)
4 creatures vanquished.

Notes
Turn   | Place    | Note
-------+----------+-------------------------------------------
     0 | D:1      | Krakonus1 the Deep Dwarf Necromancer began the quest for the Orb.
     0 | D:1      | Reached XP level 1. HP: 15/15 MP: 3/3
   198 | D:1      | You fall through a shaft!
   240 | D:4      | Noticed a worker ant
   257 | D:5      | Entered Level 5 of the Dungeon
   298 | D:5      | Noticed a worker ant
   319 | D:5      | Noticed an ice beast
   334 | D:5      | Slain by an ice beast

Vault maps used:
D:1:      evilmike_arrival_sounds_zot
D:2:      chequers_ecumenical_altar_twisty, serial_forest,
          infiniplex_forest_zigzag_2, infiniplex_forest_end_2,
          infiniplex_forest_end_2, infiniplex_forest_clump_small,
          infiniplex_forest_zigzag_1
D:3:      lemuel_round_altar, lemuel_coloured_pillars_altar,
          lemuel_crystal_altar, portal_sewer_entry_a
D:5:      first_bread

Action                   || total
-------------------------++-------
Melee: Club              ||    16
 Cast: Pain              ||     5
  Use: Scroll            ||     1
Armor: Robe              ||     4
Dodge: Dodged            ||    12
